 Dungeon Sprint DCSS version 0.29.1-2-gbd0b4ee654 (webtiles) character file.

Game seed: 9485403349136445399

9009 boopmooplesden the Bludgeoner (level 11, -3/122 HPs)
             Began as a Minotaur Berserker on Nov 16, 2022.
             Was the Champion of Trog.
             Slain by a dire elephant (5 damage)
             ... in the Dungeon (Sprint III: "The Ten Rune Challenge").
             The game lasted 00:06:36 (3331 turns).

boopmooplesden the Bludgeoner (Minotaur Berserker)  Turns: 3331, Time: 00:06:37

Health: -3/122     AC: 17    Str: 26    XL:     11   Next: 17%
Magic:  10/10      EV: 10    Int:  4    God:    Trog [******]
Gold:   1844       SH:  0    Dex: 10    Spells: 10/10 levels left

rFire   . . .      SeeInvis .   q - +2 dire flail (flame)
rCold   . . .      Faith    .   (shield currently unavailable)
rNeg    . . .      Spirit   .   r - +0 plate armour
rPois   .          Reflect  .   (helmet unavailable)
rElec   .          Harm     .   (no cloak)
rCorr   .          Rampage  .   (no gloves)
Will    .....      NoTele   +   (no boots)
Stlth   ..........              (no amulet)
HPRegen 0.30/turn               (no ring)
MPRegen 0.12/turn               (no ring)

@: on berserk cooldown, slowed, very slow
A: horns 3, retaliatory headbutt, iridescent scales 1
a: Renounce Religion, Berserk, Trog's Hand, Brothers in Arms


You were in the Dungeon.
You worshipped Trog.
Trog was exalted by your worship.
You visited 1 branch You collected 1844 gold pieces.

Inventory:

Hand Weapons
 a - a +0 mace
 e - a +2 long sword of holy wrath
 h - the +6 flail of Activism {vorpal, rPois Will+ Str-4}
   (Trog gifted it to you in the Dungeon)

   It inflicts extra damage upon your enemies.
   Str:       It affects your strength (-4).
   rPois:     It protects you from poison.
   Will:      It increases your willpower.
 j - a +4 vorpal dire flail
 q - a +2 dire flail of flaming (weapon)
 s - a +2 antimagic great mace
Armour
 b - a +0 animal skin
 i - a +1 robe
 r - a +0 plate armour (worn)
Potions
 c - 2 potions of curing
 d - 2 potions of heal wounds
 f - 2 potions of magic
 g - a potion of berserk rage
 n - a potion of flight
 o - 2 potions of mutation
Miscellaneous
 p - a tin of tremorstones (2/2)


   Skills:
 + Level 19.1 Fighting
 + Level 20.0 Maces & Flails
 + Level 12.5 Armour
 + Level 9.7 Dodging
 + Level 5.8 Stealth
 + Level 1.6 Evocations


You had 10 spell levels left.
You didn't know any spells.
Your spell library was empty.

Dungeon Overview and Level Annotations

Branches:
Dungeon (1/1)

Altars:
Cheibriados
Dithmenos
Elyvilon
Fedhas
Gozag
Hepliaklqana
Kikubaaqudgha
Makhleb
Nemelex Xobeh
Okawaru
Qazlal
Ru
Sif Muna
Trog
Uskayaw
Vehumet
Wu Jian
Xom
Yredelemnul
Zin
The Shining One
Jiyva
Lugonu

Shops:
D !

Annotations:
D Gastronok


Innate Abilities, Weirdness & Mutations

You have a pair of large horns on your head.
You reflexively headbutt those who attack you in melee.
You are partially covered in iridescent scales. (AC +2)


Message History

The dire elephant tramples you but does no damage.
The dire elephant trunk-slaps you.
There is an open door, spattered with blood here.
You hit the dire elephant. You burn the dire elephant.
The dire elephant is lightly wounded.
The dire elephant tramples you!!
You stumble backwards!
You hit the dire elephant. You burn the dire elephant.
The dire elephant is lightly wounded.
You sock the dire elephant! You burn the dire elephant.
The dire elephant is lightly wounded.
You bludgeon the dire elephant!! You burn the dire elephant!
You headbutt the dire elephant.
The dire elephant is heavily wounded.
Gastronok chants a spell, wobbling all the while.
Gastronok puts on a burst of speed!
The dire elephant tramples you!!
You hold your ground!
The dire elephant trunk-slaps you!
You impale the dire elephant!! You burn the dire elephant.
You headbutt the dire elephant, but do no damage.
The dire elephant is almost dead.
You are no longer berserk.
You are exhausted.
You feel yourself slow down.
You hit the dire elephant. You burn the dire elephant.
The dire elephant is almost dead.
The dire elephant tramples you!!
* * * LOW HITPOINT WARNING * * *
You hold your ground!
The dire elephant trunk-slaps you!
* * * LOW HITPOINT WARNING * * *
You hit the dire elephant. You burn the dire elephant.
The dire elephant is almost dead.
The dire elephant tramples you but does no damage.
The dire elephant misses you.
You hit the dire elephant but do no damage.
The dire elephant is almost dead.
The dire elephant barely misses you.
The dire elephant trunk-slaps you but does no damage.
You completely miss the dire elephant.
The dire elephant is almost dead.
The dire elephant barely misses you. The dire elephant trunk-slaps you.
You die...

▓#.####.##).###...'.⌠..
▓.###..##..####...#...#
▓#..†..##..###....#.⌠.#
###..##...##.....#...#
##..##....#......#'###
#..###..##.#.....#.).#
#..# #.. ####....#___#
▓▓▓▓▓▓▓▓▓▓▓▓▓▓▓▓▓▓▓▓▓▓
▓..wY@≈§§§~..~♣♣.....♣
▓...#~~§§§§~~~♣♣.≈≈≈≈'
▓...#≈~§§§§§≈~~÷)....#
▓..P#≈~§§§§≈.≈♣♣♣♣♣♣♣#
▓..(#.§~§§~§≈≈♣ #
▓##+####+######


You could see Gastronok (swift) and a dire elephant.

Vanquished Creatures
  A dire elephant (D)
  Erolcha (D)
  A deep elf pyromancer (D)
  2 elephants (D)
  2 cane toads (D)
  A rime drake (D)
  A komodo dragon (D)
  3 wandering mushrooms (D)
  A queen bee (D)
  5 blink frogs (D)
  A shadow (D)
  2 redbacks (D)
  A spatial vortex (D)
  A swamp drake (D)
  4 orc warriors (D)
  5 two-headed ogres (D)
  A scorpion (D)
  A necrophage (D)
  A water elemental (D)
  32 killer bees (D)
  A jelly (D)
  A wizard (D)
  Jessica (D)
  A necromancer (D)
  2 orc wizards (D)
  3 humans (D)
  A kobold demonologist (D)
  11 orcs (D)
  A ball python (D)
  3 rats (D)
92 creatures vanquished.

Vanquished Creatures (others)
  3 plants (D)
3 creatures vanquished.

Grand Total: 95 creatures vanquished

Notes
Turn   | Place    | Note
-------+----------+-------------------------------------------
     0 | D        | boopmooplesden the Minotaur Berserker began the quest for
                  | the Orb.
     0 | D        | Reached XP level 1. HP: 19/19 MP: 0/0
    11 | D        | Reached skill level 4 in Maces & Flails
    26 | D        | Reached ** piety under Trog
    28 | D        | Noticed Jessica
    31 | D        | Killed Jessica
    32 | D        | Reached skill level 5 in Fighting
    32 | D        | Reached skill level 5 in Maces & Flails
    32 | D        | Reached XP level 2. HP: 29/29 MP: 1/1
   175 | D        | Noticed a scorpion
   180 | D        | Killed a scorpion
   181 | D        | Reached skill level 7 in Maces & Flails
   181 | D        | Reached skill level 1 in Stealth
   181 | D        | Reached XP level 3. HP: 39/39 MP: 2/2
   181 | D        | Reached XP level 4. HP: 47/47 MP: 3/3
   206 | D        | Gained mutation: You are frail. (-10% HP) [potion of
                  | mutation]
   206 | D        | Gained mutation: You are dopey. (Int -2) [potion of
                  | mutation]
   207 | D        | Lost mutation: You are frail. (-10% HP) [potion of
                  | mutation]
   207 | D        | Lost mutation: You are dopey. (Int -2) [potion of mutation]
   207 | D        | Gained mutation: You are dopey. (Int -2) [potion of
                  | mutation]
   208 | D        | Lost mutation: You are dopey. (Int -2) [potion of mutation]
   208 | D        | Gained mutation: You are partially covered in iridescent
                  | scales. (AC +2) [potion of mutation]
   208 | D        | Gained mutation: You have a pair of large horns on your
                  | head. [potion of mutation]
   401 | D        | Noticed a water elemental
   405 | D        | Killed a water elemental
   405 | D        | Reached *** piety under Trog
   406 | D        | Reached skill level 8 in Maces & Flails
   406 | D        | Reached XP level 5. HP: 56/56 MP: 4/4
   464 | D        | Found a basalt altar of Yredelemnul.
   464 | D        | Found a shadowy altar of Dithmenos.
   464 | D        | Found a sacrificial altar of Ru.
   469 | D        | Reached skill level 9 in Maces & Flails
   472 | D        | Reached skill level 10 in Maces & Flails
   472 | D        | Reached skill level 5 in Dodging
   599 | D        | Found a radiant altar of Vehumet.
   601 | D        | Found a shimmering blue altar of Sif Muna.
   601 | D        | Found an ancient bone altar of Kikubaaqudgha.
   602 | D        | Reached **** piety under Trog
   603 | D        | Reached skill level 5 in Armour
   603 | D        | Reached XP level 6. HP: 64/64 MP: 5/5
   640 | D        | Found a hide-covered altar of Uskayaw.
   640 | D        | Found an iron altar of Okawaru.
   640 | D        | Found a bloodstained altar of Trog.
   640 | D        | Found an ornate altar of the Wu Jian Council.
   640 | D        | Noticed a human
   640 | D        | Noticed a human
   652 | D        | Killed a human
   653 | D        | Reached skill level 10 in Fighting
   653 | D        | Reached skill level 11 in Maces & Flails
   659 | D        | Killed a human
   660 | D        | Reached skill level 12 in Maces & Flails
   660 | D        | Reached XP level 7. HP: 46/74 MP: 6/6
   796 | D        | Found a glowing silver altar of Zin.
   798 | D        | Found a glowing golden altar of the Shining One.
   798 | D        | Found a white marble altar of Elyvilon.
   798 | D        | Noticed a deep elf pyromancer
   805 | D        | Killed a deep elf pyromancer
   805 | D        | Reached ***** piety under Trog
   806 | D        | Reached skill level 14 in Maces & Flails
   806 | D        | Reached XP level 8. HP: 85/85 MP: 7/7
   918 | D        | Found a blossoming altar of Fedhas.
   918 | D        | Found a stormy altar of Qazlal.
   918 | D        | Found a snail-covered altar of Cheibriados.
   918 | D        | Found a burning altar of Makhleb.
   918 | D        | Found a shimmering altar of Xom.
   919 | D        | Found a hazy altar of Hepliaklqana.
   919 | D        | Found an opulent altar of Gozag.
   919 | D        | Found a sparkling altar of Nemelex Xobeh.
   919 | D        | Found a corrupted altar of Lugonu.
   919 | D        | Found a viscous altar of Jiyva.
  1148 | D        | Reached skill level 15 in Maces & Flails
  1462 | D        | Received a gift from Trog
  1468 | D        | Found Lesuneoff's Distillery.
  1482 | D        | Reached ****** piety under Trog
  1483 | D        | Reached XP level 9. HP: 37/96 MP: 8/8
  1727 | D        | Noticed a two-headed ogre
  1735 | D        | Killed a two-headed ogre
  1736 | D        | Reached skill level 16 in Maces & Flails
  2028 | D        | Noticed a two-headed ogre
  2028 | D        | Noticed Erolcha
  2033 | D        | Killed a two-headed ogre
  2034 | D        | Reached skill level 15 in Fighting
  2037 | D        | Killed Erolcha
  2038 | D        | Reached skill level 17 in Maces & Flails
  2038 | D        | Reached skill level 5 in Stealth
  2045 | D        | Received a gift from Trog
  2530 | D        | Noticed a queen bee
  2553 | D        | Reached skill level 18 in Maces & Flails
  2561 | D        | Reached XP level 10. HP: 63/107 MP: 9/9
  2567 | D        | Identified the +6 flail of Activism {vorpal, rPois Will+
                  | Str-4} (Trog gifted it to you in the Dungeon)
  2567 | D        | Received a gift from Trog
  2580 | D        | Reached skill level 1 in Evocations
  2586 | D        | Received a gift from Trog
  2637 | D        | Received a gift from Trog
  2940 | D        | Received a gift from Trog
  2950 | D        | Noticed a cane toad
  2950 | D        | Noticed a cane toad
  2955 | D        | Killed a cane toad
  2956 | D        | Reached skill level 19 in Maces & Flails
  2956 | D        | Reached skill level 10 in Armour
  2960 | D        | Killed a cane toad
  3089 | D        | Received a gift from Trog
  3304 | D        | Noticed an elephant
  3304 | D        | Noticed an elephant
  3304 | D        | Noticed a dire elephant
  3304 | D        | Noticed a dire elephant
  3308 | D        | Noticed Gastronok
  3316 | D        | Killed a dire elephant
  3317 | D        | Reached XP level 11. HP: 121/121 MP: 10/10
  3322 | D        | Reached skill level 20 in Maces & Flails
  3328 | D        | HP: 1/122 [dire elephant (9)]
  3331 | D        | Slain by a dire elephant

Illustrated notes

Levels and vault maps discovered:
D:        dungeon_sprint_mu [sprint_mu_entry_cave, sprint_mu_temple_rooms,
          sprint_mu_d1_spiders, sprint_mu_d2_genie, sprint_mu_d3_branching,
          sprint_mu_orc_legion, sprint_mu_elf_gauntlet, sprint_mu_hive_nellie,
          sprint_mu_lair_fedhas, sprint_mu_vaults_butterflies,
          sprint_mu_slime_circle, sprint_mu_swamp_cave, sprint_mu_snake_twists,
          sprint_mu_blade_basic, sprint_mu_crypt_lich, sprint_mu_tomb_spiral,
          sprint_mu_vestibule_basic, sprint_mu_gehenna_hellfire,
          sprint_mu_dis_giant, sprint_mu_tartarus_statrot,
          sprint_mu_cocytus_islands, sprint_mu_zot1]

Skill      XL: |  1  2  3  4  5  6  7  8  9 10 11 |
---------------+----------------------------------+-----
Maces & Flails | 5 7 8 10 12 14 15 18 19 20 | 20.0
Fighting       | 5 7 8 9 11 12 14 16 18 19 | 19.1
Armour         | 3 4 5 6 7 12 | 12.5
Dodging        | 3 4 5 6 7 8 9 |  9.7
Stealth        | 1 2 3 4 5 |  5.8
Evocations     | 1 |  1.6

Action                   |  1- 3 |  4- 6 |  7- 9 | 10-12 || total
-------------------------+-------+-------+-------+-------++-------
Melee: Mace              |     7 |    31 |    44 |       ||    82
       Headbutt          |     1 |     1 |    16 |    15 ||    33
       Punch             |       |     1 |     2 |       ||     3
       Dire flail        |       |       |    45 |   112 ||   157
Invok: Berserk           |     2 |     3 |     8 |     3 ||    16
       Brothers in Arms  |       |       |     1 |       ||     1
Evoke: Tin of tremorston |       |       |     2 |       ||     2
  Use: Potion            |       |     4 |       |     1 ||     5
       Scroll            |       |       |     5 |       ||     5
 Stab: Sleeping          |     1 |       |       |       ||     1
Armor: Robe              |       |     2 |     5 |       ||     7
       Plate armour      |       |       |    38 |    45 ||    83
Dodge: Dodged            |     1 |    12 |    59 |    46 ||   118
